 Dungeon Crawl Stone Soup version 0.22-a0-443-g17c3723931 (webtiles) character file.

5369 Ordine the Sneak (level 10, -1/56 HPs)
             Began as a Deep Elf Wizard on May 31, 2018.
             Was a Follower of Sif Muna.
             Splashed by Maurice's acid (11 damage)
             ... on level 8 of the Dungeon.
             The game lasted 00:39:34 (10403 turns).

Ordine the Sneak (Deep Elf Wizard)                 Turns: 10403, Time: 00:39:35

Health: -1/56      AC:  8    Str:  4    XL:     10   Next: 39%
Magic:  28/30      EV: 14    Int: 32    God:    Sif Muna [*.....]
Gold:   646        SH:  0    Dex: 13    Spells: 12/21 levels left

rFire    . . .     SeeInvis .   a - +0 dagger (venom)
rCold    . . .     Gourm    .   (no shield)
rNeg     . . .     Faith    .   o - +0 troll leather armour
rPois    .         Spirit   .   l - +0 helmet
rElec    .         Reflect  .   (no cloak)
rCorr    .         Harm     .   w - +0 pair of gloves
MR       +....                  y - +0 pair of boots
Stlth    +.........             (no amulet)
HPRegen  0.58/turn              C - +5 ring of intelligence
MPRegen  0.22/turn              p - ring of magical power

@: confused
A: no striking features
a: Divine Energy, Renounce Religion


You were on level 8 of the Dungeon.
You worshipped Sif Muna.
Sif Muna was aware of your devotion.
You were not hungry.

You visited 2 branches of the dungeon, and saw 9 of its levels.

You collected 646 gold pieces.

Inventory:

Hand Weapons
 a - a +0 dagger of venom (weapon)
Armour
 l - a +0 helmet (worn)
 o - a +0 troll leather armour (worn)
 w - a +0 pair of gloves (worn)
 y - a +0 pair of boots (worn)
Magical Staves
 B - an uncursed staff of earth
Jewellery
 p - a ring of magical power (right hand)
 u - an uncursed ring of positive energy
 C - a +5 ring of intelligence (left hand)
Scrolls
 f - a scroll of fog
 m - 5 scrolls of remove curse
 q - 3 scrolls of magic mapping
 v - 3 scrolls of teleportation
 A - a scroll of amnesia
Potions
 c - a potion of magic
 e - a potion of flight
 g - a potion of heal wounds
 h - 3 potions of lignification
 j - a potion of ambrosia
 r - a potion of cancellation
 s - a potion of berserk rage
 x - 2 potions of resistance
Comestibles
 d - 18 rations
 i - 5 chunks of flesh


   Skills:
 + Level 3.5 Fighting
 * Level 4.5 Short Blades
 - Level 5.0 Armour
 + Level 6.2 Dodging
 + Level 6.7 Stealth
 - Level 6.0 Spellcasting
 - Level 5.0 Conjurations
   Level 1.1 Summonings
 - Level 4.0 Translocations
 - Level 4.0 Fire Magic
 - Level 4.0 Air Magic
 - Level 4.0 Poison Magic
 + Level 4.9 Evocations


You had 12 spell levels left.
You knew the following spells:

 Your Spells              Type           Power        Failure   Level  Hunger
a - Magic Dart            Conj           ####         1%          1    None
b - Blink                 Tloc           N/A          2%          2    None
c - Conjure Flame         Conj/Fire      #####...     3%          3    None
d - Mephitic Cloud        Conj/Pois/Air  #####...     3%          3    None

Your spell library contained the following spells:

 Spells                   Type           Power        Failure   Level  Hunger
 Slow                     Hex            #.......     12%         2    None
 Call Imp                 Summ           ###.....     8%          2    None


Dungeon Overview and Level Annotations

Branches:
Dungeon (8/15)             Temple (1/1) D:6
   Lair: D:8-11

Altars:
Ashenzari
Cheibriados
Dithmenos
Elyvilon
Fedhas
Gozag
Kikubaaqudgha
Makhleb
Nemelex Xobeh
Okawaru
Qazlal
Ru
Sif Muna
Trog
Uskayaw
Vehumet
Wu Jian
Xom
Yredelemnul
Zin
The Shining One

Annotations:
D:8 Maurice


Message History

You barely miss something.
You hear a zap.
Your will is overpowered!
You are more confused.
The quokka zombie misses you.
You hear some strange, mumbled words.
You barely miss the quokka zombie.
You bump into the rock wall.
The quokka zombie closely misses you. Something hits you.
Something steals your 2 scrolls of identify!
The quokka zombie misses you. Something hits you.
Something steals your wand of acid (8)!
You hear a zap.
A bolt of acid appears from out of thin air!
The bolt of acid hits you!
You are splashed with acid!
The acid burns!
You hear a zap.
A bolt of acid appears from out of thin air!
The bolt of acid hits you!
* * * LOW HITPOINT WARNING * * *
You are splashed with acid!
The acid burns!
You die...

#.....##### #.. #### #.....#
### #..# #.##..# # ##.#
#.##..# ## #.### ##.##..#
####. #...####..##..# #....
##........##..########...##.
##.###....Z.....##....###..
#.###....@.....##.####...#
#...#...|......##.# #..###
###.#.....!.....#.###.###.
#.#.#########....##.##..
#.#.# ####...#........
#...### #....#...#######
##....# #.#....#.#
#....###.#....#.#
#....#...#....#.# #


You could see a quokka zombie.

Vanquished Creatures
  A two-headed ogre (D:7)
  The ghost of Ordine the Poker, a novice MfSk (D:4)
  Grinder (D:4)
  Prince Ribbit (D:8)
  A hippogriff (D:8)
  Grum (D:8)
  2 fire bats (D:6)
  Menkaure (D:7)
  2 black bears (D:6)
  3 orc warriors
  3 sky beasts
  An ice beast (D:5)
  5 ogres
  A phantom (D:7)
  4 wolves (D:8)
  2 centaurs
  5 bullfrogs
  A howler monkey (D:5)
  3 crimson imps
  2 bullfrog zombies
  A quasit (D:8)
  A centaur zombie (D:7)
  7 orc priests
  5 hounds
  3 jellies
  4 orc wizards
  A gnoll shaman (D:4)
  4 iguanas
  3 worker ants
  Natasha (thrice) (D:4)
  A worker ant zombie (D:6)
  Robin (D:2)
  7 gnolls
  13 adders
  2 howler monkey skeletons
  A shadow imp (D:5)
  2 oozes
  4 adder zombies
  4 worms
  An adder skeleton (D:8)
  3 dart slugs (D:1)
  6 leopard geckos
  26 orcs
  4 giant cockroaches
  12 goblins
  10 hobgoblins
  2 jackals (D:8)
  9 kobolds
  3 quokkas
  3 ball pythons
  3 bats
  5 frilled lizards
  A giant cockroach zombie (D:5)
  A leopard gecko skeleton (D:5)
  A leopard gecko zombie (D:5)
  2 quokka skeletons (D:4)
  5 rats
205 creatures vanquished.

Notes
Turn   | Place    | Note
-------+----------+-------------------------------------------
     0 | D:1      | Ordine the Deep Elf Wizard began the quest for the Orb.
     0 | D:1      | Reached XP level 1. HP: 10/10 MP: 7/7
   171 | D:1      | Reached XP level 2. HP: 15/15 MP: 5/9
   175 | D:1      | Learned a level 2 spell: Blink
   851 | D:1      | Reached XP level 3. HP: 19/19 MP: 4/11
   856 | D:1      | Learned a level 3 spell: Conjure Flame
   860 | D:1      | Learned a level 3 spell: Mephitic Cloud
  1668 | D:2      | Reached XP level 4. HP: 23/24 MP: 9/12
  1701 | D:2      | Noticed Robin
  1711 | D:2      | Killed Robin
  1711 | D:2      | Reached skill level 5 in Spellcasting
  1800 | D:2      | Reached skill level 1 in Fire Magic
  1800 | D:2      | Reached skill level 1 in Poison Magic
  1824 | D:2      | Reached skill level 1 in Air Magic
  1915 | D:2      | Reached XP level 5. HP: 28/28 MP: 9/14
  3440 | D:4      | Noticed Natasha
  3447 | D:4      | Killed Natasha
  3559 | D:4      | Noticed Natasha
  3578 | D:4      | Killed Natasha
  3757 | D:4      | Reached XP level 6. HP: 28/32 MP: 16/16
  3969 | D:4      | Noticed Ordine's ghost (novice MfSk)
  3979 | D:4      | Killed Ordine's ghost
  3979 | D:4      | Reached XP level 7. HP: 34/36 MP: 15/17
  3989 | D:4      | Noticed Grinder
  4012 | D:4      | Paralysed by Grinder for 5 turns
  4021 | D:4      | Killed Grinder
  4415 | D:4      | Noticed Natasha
  4420 | D:4      | Killed Natasha
  4514 | D:5      | Entered Level 5 of the Dungeon
  4533 | D:5      | Reached skill level 1 in Evocations
  4533 | D:5      | Reached XP level 8. HP: 31/41 MP: 10/19
  4664 | D:5      | Reached skill level 1 in Short Blades
  4664 | D:5      | Reached skill level 5 in Conjurations
  4981 | D:5      | Reached skill level 1 in Armour
  5189 | D:5      | Reached skill level 1 in Fighting
  6018 | D:6      | Found a transporter.
  6329 | D:6      | Found a staircase to the Ecumenical Temple.
  6335 | Temple   | Entered the Ecumenical Temple
  6403 | Temple   | Became a worshipper of Sif Muna the Loreminder
  6650 | D:6      | Reached XP level 9. HP: 48/48 MP: 4/20
  7197 | D:6      | Found a transporter.
  8151 | D:7      | Noticed Menkaure
  8170 | D:6      | Reached skill level 5 in Stealth
  8231 | D:7      | Killed Menkaure
  8330 | D:7      | Reached skill level 5 in Dodging
  8857 | D:7      | Noticed a two-headed ogre
  8943 | D:7      | Killed a two-headed ogre
  9102 | D:7      | Reached XP level 10. HP: 51/56 MP: 21/21
  9773 | D:8      | Noticed Prince Ribbit
  9782 | D:8      | Killed Prince Ribbit
 10032 | D:8      | Noticed Grum
 10061 | D:8      | Reached * piety under Sif Muna
 10080 | D:8      | Killed Grum
 10081 | D:8      | Reached skill level 5 in Armour
 10370 | D:8      | Noticed Maurice
 10403 | D:8      | Splashed by Maurice's acid

Vault maps used:
D:1:      eino_arrival_cavern_c
D:2:      item_on_display_a, uniq_robin
D:3:      first_ration
D:4:      uniq_natasha, uniq_grinder
D:5:      grunt_ministairs_15, st_stairs_14, grunt_decor_cap
D:6:      gammafunk_cloud_chamber, minmay_temple_entry_hall,
          minmay_misc_feat_rows
D:7:      uniq_menkaure
D:8:      uniq_maurice, uniq_grum, uniq_prince_ribbit1
Temple:   dpeg_three_leaves_temple

Skill      XL: |  1  2  3  4  5  6  7  8  9 10 |
---------------+-------------------------------+-----
Stealth        | 3 4 5 6 |  6.7
Dodging        | 3 4 5 6 |  6.2
Conjurations   | 2 3 4 5 |  5.0
Spellcasting   | 5 6 |  6.0
Fire Magic     | 1 2 3 4 |  4.0
Poison Magic   | 1 2 3 4 |  4.0
Translocations | 2 3 4 |  4.0
Air Magic      | 1 2 3 4 |  4.0
Evocations     | 1 2 4 |  4.9
Short Blades   | 2 3 4 |  4.5
Armour         | 2 4 5 |  5.0
Fighting       | 1 3 |  3.5
Summonings     | |  1.1

Action                   |  1- 3 |  4- 6 |  7- 9 | 10-12 || total
-------------------------+-------+-------+-------+-------++-------
Melee: Unarmed           |     2 |       |       |       ||     2
       Short sword       |    18 |       |       |       ||    18
       Hand axe          |       |     4 |       |       ||     4
       Dagger            |       |     3 |    40 |    38 ||    81
 Cast: Magic Dart        |    84 |   133 |   386 |   118 ||   721
       Mephitic Cloud    |     1 |     4 |    27 |     8 ||    40
       Conjure Flame     |     1 |     3 |    17 |     6 ||    27
       Blink             |       |     3 |     9 |     2 ||    14
  Use: Scroll            |     4 |    10 |     6 |       ||    20
       Potion            |       |       |     7 |     1 ||     8
 Stab: Confused          |       |       |     2 |     4 ||     6
  Eat: Chunk             |     2 |     7 |    12 |     4 ||    25
       Ration            |       |       |     1 |       ||     1
Armor: Robe              |     5 |     2 |     8 |       ||    15
       Skin              |       |       |    25 |       ||    25
       Troll leather arm |       |       |     2 |    19 ||    21
Dodge: Dodged            |    24 |    18 |    52 |    35 ||   129

Table legend:
 A = Spawn XP
 B = Non-spawn XP
 C = Spawn XP percentage of total XP
 D = Spawn monster count
 E = Non-spawn monster count
 F = Spawn count percentage of total count
 G = Total turns spent on level
                    A         B        C        D         E        F      G
               +---------+---------+-------+---------+---------+-------+---------
         Total |       0 |    7670 |   0.0 |       0 |     205 |   0.0 | 10403
               +---------+---------+-------+---------+---------+-------+---------
           D:1 |       0 |      45 |   0.0 |       0 |      24 |   0.0 |  1165
           D:2 |       0 |     198 |   0.0 |       0 |      29 |   0.0 |  1289
           D:3 |       0 |      49 |   0.0 |       0 |      17 |   0.0 |   907
           D:4 |       0 |    1022 |   0.0 |       0 |      24 |   0.0 |  1153
           D:5 |       0 |     825 |   0.0 |       0 |      27 |   0.0 |  1279
           D:6 |       0 |    1776 |   0.0 |       0 |      30 |   0.0 |  2330
           D:7 |       0 |    2262 |   0.0 |       0 |      34 |   0.0 |  1556
           D:8 |       0 |    1493 |   0.0 |       0 |      20 |   0.0 |   642
               +---------+---------+-------+---------+---------+-------+---------
